 Dungeon Crawl Stone Soup version 0.32-a0-30-gefbe487952 (webtiles) character file.

Game seed: 6779396840781491393

151 oldriver the Firebug (level 5, -11/38 HPs)
             Began as a Demonspawn Fire Elementalist on Jan 20, 2024.
             Killed from afar by an orc wizard (13 damage)
             ... with a puff of flame
             ... on level 4 of the Dungeon.
             The game lasted 00:05:20 (3905 turns).

oldriver the Firebug (Demonspawn Fire Elementalist) Turns: 3905, Time: 00:05:21

Health: -11/38     AC:  4    Str:  8    XL:     5   Next: 10%
Magic:  1/9        EV: 12    Int: 18    God:
Gold:   160        SH:  0    Dex: 15    Spells: 7/10 levels left

rFire   . . .        o - +0 whip (venom)
rCold   . . .        (no shield)
rNeg    . . .        a - +0 robe
rPois   +            m - +2 hat {SInv}
rElec   .            (no cloak)
rCorr   .            (no gloves)
SInv    +            (no boots)
Will    .....        (no amulet)
Stlth   +++          g - ring of wizardry
HPRegen 0.26/turn    p - ring of poison resistance
MPRegen 0.11/turn

%: wizardry (x1)
@: no status effects
A: thin skeletal structure 1, demonic magic 1, hooves 1
a: no special abilities


You were on level 4 of the Dungeon.
You visited 1 branch of the dungeon, and saw 4 of its levels.

You collected 160 gold pieces.

Inventory:

Hand Weapons
 o - a +0 whip of venom (weapon)
Armour
 a - a +0 robe (worn)
 m - a +2 hat of see invisible (worn)
Jewellery
 g - a ring of wizardry (left hand)
 p - a ring of poison resistance (right hand)
Scrolls
 e - a scroll of immolation {unknown}
 f - a scroll of poison {unknown}
 l - a scroll of teleportation {unknown}
 n - a scroll of amnesia {unknown}
 q - a scroll of noise {unknown}
Potions
 b - a potion of magic
 c - a potion of attraction {unknown}
 h - a potion of degeneration {unknown}
 i - a potion of curing {unknown}
 j - a potion of ambrosia {unknown}
 k - 2 potions of brilliance {unknown}


   Skills:
 + Level 2.1 Fighting
 - Level 1.8 Dodging
 - Level 1.8 Stealth
 + Level 3.0 Spellcasting
 + Level 2.4 Conjurations
 + Level 3.5 Fire Magic


You had 7 spell levels left.
You knew the following spells:

 Your Spells              Type           Power      Damage    Failure   Level
a - Foxfire               Conj/Fire      52%        2x1d6     1%          1
b - Scorch                Fire           30%        2d6       2%          2

Your spell library contained the following spells:

 Spells                   Type           Power      Damage    Failure   Level
 Inner Flame              Hex/Fire       9%         N/A       10%         3
 Volatile Blastmotes      Fire/Tloc      18%        2d11      10%         3
 Flame Wave               Conj/Fire      13%        2d6       19%         4
 Fireball                 Conj/Fire      6%         3d5       45%         5
 Cause Fear               Hex            1%         N/A       52%         4
 Dragon's Call            Summ           1%         N/A       100%        9


Dungeon Overview and Level Annotations

Branches:
Dungeon (4/15)
 Temple: D:4-7

Altars:

Shops:
D:2 *[*?*


Innate Abilities, Weirdness & Mutations

You have a somewhat thin skeletal structure. (Dex +2, Stealth+)
Spells you cast may paralyse adjacent enemies.
You have large cloven feet.


Message History

Confirm with . or Enter, or press ? or * to list all spells.
You don't have enough magic to cast this spell.
Casting: Foxfire (safe; 1% risk of failure)
Confirm with . or Enter, or press ? or * to list all spells.
You don't have enough magic to cast this spell.
Casting: Foxfire (safe; 1% risk of failure)
Confirm with . or Enter, or press ? or * to list all spells.
You conjure some foxfire!
Malevolent energies surge around you. The orc wizard casts a spell at you.
The puff of flame hits you!
* * * LOW HITPOINT WARNING * * *
The foxfire hits the orc.
You kill the orc!
The foxfire hits the orc wizard.
The orc wizard is lightly wounded.
You closely miss the orc wizard.
The orc wizard is lightly wounded.
The orc wizard hits you with a +0 dagger.
* * * LOW HITPOINT WARNING * * *
You barely miss the orc wizard.
The orc wizard is lightly wounded.
The orc wizard misses you.
You closely miss the orc wizard.
The orc wizard is lightly wounded.
The orc wizard closely misses you.
You hit the orc wizard.
The orc wizard is poisoned.
The orc wizard is moderately wounded.
The orc wizard gestures at you while chanting.
The magic dart hits you.
* * * LOW HITPOINT WARNING * * *
You hit the orc wizard.
The orc wizard looks as sick as possible!
The orc wizard is heavily wounded.
The orc wizard hits you with a +0 dagger.
* * * LOW HITPOINT WARNING * * *
It was a potion of mutation.
You feel extremely strange.
Your feet thicken and deform.
The orc wizard points at you and mumbles some strange words.
The puff of flame hits you!
You die...

......# #....$#
+.....+ #.....#
##############.....##
#....................
+....................
#...@o...............
#$..........§........
#.......$...§.##+###.
#.............# #.
######+######## +. #.
#. #.


You could see an orc wizard (extremely poisoned).

Vanquished Creatures
  6 gnolls
  4 adders
  4 orcs
  8 ball pythons
  5 endoplasms
  A giant cockroach (D:2)
  6 goblins
  3 hobgoblins
  4 jackals
  A quokka (D:2)
  3 bats
  5 frilled lizards
  3 kobolds
  3 rats
56 creatures vanquished.

Vanquished Creatures (others)
  320 foxfires
320 creatures vanquished.

Grand Total: 376 creatures vanquished

Notes
Turn   | Place    | Note
-------+----------+-------------------------------------------
     0 | D:1      | oldriver the Demonspawn Fire Elementalist began the quest
                  | for the Orb.
     0 | D:1      | Reached XP level 1. HP: 13/13 MP: 3/3
     6 | D:1      | Noticed a brain worm
     6 | D:1      | Noticed an anaconda
     6 | D:1      | Noticed a polar bear
     7 | D:1      | Noticed a hog
     7 | D:1      | Noticed a rime drake
   509 | D:1      | Gained mutation: Spells you cast may paralyse adjacent
                  | enemies. [demonic ancestry]
   509 | D:1      | Reached XP level 2. HP: 20/20 MP: 1/5
  1130 | D:2      | Reached skill level 1 in Fighting
  1193 | D:2      | Found Hulive's Assorted Antiques.
  1249 | D:2      | Reached XP level 3. HP: 26/26 MP: 2/6
  1301 | D:2      | Found Otao's Magic Scroll Emporium.
  1704 | D:2      | Found Gois's Antique Armour Boutique.
  1828 | D:2      | Found Zocabieg's General Store.
  1887 | D:2      | Found Othretase's General Store.
  2509 | D:3      | Gained mutation: You have a somewhat thin skeletal
                  | structure. (Dex +2, Stealth+) [demonic ancestry]
  2509 | D:3      | Reached XP level 4. HP: 32/32 MP: 0/7
  2830 | D:3      | Found a faded altar of an unknown god.
  3108 | D:3      | Learned a level 2 spell: Scorch
  3855 | D:4      | Reached XP level 5. HP: 28/38 MP: 0/9
  3905 | D:4      | Gained mutation: You have large cloven feet. [potion of
                  | mutation]
  3905 | D:4      | Killed from afar by an orc wizard

Illustrated notes

Levels and vault maps discovered:
D:1:      onia_arrival_zoo_common, layout_basic
D:2:      layout_rooms, serial_shops, nicolae_shop_peninsula,
          nicolae_shop_tiny_statue_garden, nicolae_shop_waterfront,
          nicolae_shop_crystal, shop
D:3:      layout_rooms, ebering_ecumenical_altar_hall
D:4:      layout_gridville, enter_ossuary_2, minmay_manual_mares

Skill      XL: |  1  2  3  4  5 |
---------------+----------------+-----
Fighting       | 1 2 |  2.1
Fire Magic     | 3 |  3.5
Conjurations   | 2 |  2.4
Spellcasting   | 3 |  3.0
Dodging        | |  1.8
Stealth        | |  1.8

Action                     |  1- 3 |  4- 6 || total
---------------------------+-------+-------++-------
  Melee: Dagger            |     1 |       ||     1
         Whip              |       |    10 ||    10
   Cast: Foxfire           |   114 |    89 ||   203
         Scorch            |       |     3 ||     3
    Use: Potion            |       |     1 ||     1
 Armour: Robe              |     3 |    20 ||    23
  Dodge: Dodged            |     3 |     6 ||     9

Table legend: (Time is in decaauts)
 A = Elapsed time spent in this place.
 B = Non-inter-level travel time spent in this place.
 C = Inter-level travel time spent in this place.
 D = Time resting spent in this place.
 E = Time spent auto-exploring this place.
 F = Levels seen in this place.
 G = Mean time per level.
                   A        B        C        D        E       F      G
               +--------+--------+--------+--------+--------+-----+--------+
         Total |   3907 |   3801 |    106 |    316 |   2943 |   4 |  976.8 |
       Dungeon |   3907 |   3801 |    106 |    316 |   2943 |   4 |  976.8 |
               +--------+--------+--------+--------+--------+-----+--------+

Top non-repeatable levels by time:
     D:3: 1508 daAuts
     D:2: 1439 daAuts
     D:1: 895 daAuts
     D:4: 63 daAuts
